TOP OF THE 1ST |
Brooklyn Cyclones batting - Pitching for Rome Braves : LHP Gonnohyoe Hata
|
Pitching: LHP Gonnohyoe Hata
|
|
Batting: LHB Elmo Dreier
|
0-0: Foul Ball, location: 2F 0-1: Swinging Strike 0-2: Strikes out swinging
|
Batting: SHB Callum Lynch
|
0-0: Hit by Pitch
|
Batting: RHB Jake Geib
|
0-0: SINGLE (Groundball, 4D, EV 102.5 MPH) Callum Lynch to second Runner from 2nd tries for 3rd, SAFE, no throw by CF
|
Batting: LHB Miguel Ramos
|
0-0: Ball 1-0: Ball 2-0: Ball 3-0: Called Strike 3-1: Foul Ball, location: 2F 3-2: Strikes out swinging
|
Batting: RHB Victor Reyes
|
0-0: Ball 1-0: Ball 2-0: Called Strike 2-1: Ball 3-1: Swinging Strike 3-2: Base on Balls Jake Geib to second
|
Batting: RHB Frank Shaw
|
0-0: Ball 1-0: Foul Ball, location: 2F 1-1: Ball 2-1: Called Strike 2-2: Ball 3-2: Strikes out swinging
|
Top of the 1st over - 0 runs, 1 hit, 0 errors, 3 left on base; Brooklyn 0 - Rome 0 |
BOTTOM OF THE 1ST |
Rome Braves batting - Pitching for Brooklyn Cyclones : RHP Jonathan Colyer
|
Pitching: RHP Jonathan Colyer
|
|
Batting: RHB Rafael Reyes
|
0-0: Ball 1-0: Ball 2-0: Ball 3-0: Called Strike 3-1: Ground out 1-3 (Groundball, 15S, EV 65.0 MPH)
|
Batting: RHB Tony Cabrera
|
0-0: Ball 1-0: Swinging Strike 1-1: Ball 2-1: Called Strike 2-2: Strikes out swinging
|
Batting: LHB Ricardo Sandoval
|
0-0: Ground out 6-3 (Groundball, 6, EV 81.2 MPH)
|
Bottom of the 1st over - 0 runs, 0 hits, 0 errors, 0 left on base; Brooklyn 0 - Rome 0 |
TOP OF THE 2ND |
Brooklyn Cyclones batting - Pitching for Rome Braves : LHP Gonnohyoe Hata
|
Batting: SHB Ryan Brown
|
0-0: Called Strike 0-1: Ball 1-1: Foul Ball, location: 2F 1-2: Strikes out looking
|
Batting: SHB Duri Chilemba
|
0-0: Ball 1-0: Fly out, F8 (Flyball, 89M, EV 84.4 MPH)
|
Batting: RHB Roberto Delgado
|
0-0: Called Strike 0-1: Ball 1-1: Hit by Pitch
|
Batting: LHB Elmo Dreier
|
0-0: Called Strike Balk! Roberto Delgado to second 0-1: Swinging Strike 0-2: Foul Ball, location: 2F 0-2: Ball 1-2: Ball 2-2: Strikes out swinging wild pitch, reaches first! Roberto Delgado to third
|
Batting: SHB Callum Lynch
|
0-0: Foul Ball, location: 2F 0-1: Foul Ball, location: 2F Balk! Roberto Delgado scores Elmo Dreier to second 0-2: Strikes out looking
|
Top of the 2nd over - 1 run, 0 hits, 0 errors, 1 left on base; Brooklyn 1 - Rome 0 |
BOTTOM OF THE 2ND |
Rome Braves batting - Pitching for Brooklyn Cyclones : RHP Jonathan Colyer
|
Batting: LHB Tamaichi Sasada
|
0-0: Called Strike 0-1: Ball 1-1: Called Strike 1-2: Ball 2-2: Foul Ball, location: 2F 2-2: DOUBLE (Flyball, 78XD, EV 112.5 MPH)
|
Batting: RHB Chris Trites
|
0-0: Called Strike 0-1: TRIPLE (Flyball, 89XD, EV 91.2 MPH) Tamaichi Sasada scores
|
Batting: RHB Costantino Dolfini
|
0-0: Ball 1-0: Fly out, F8 (Flyball, 78M, EV 90.6 MPH) Runner from 3rd tags up, SCORES, no throw by CF
|
Batting: LHB Jason Herr
|
0-0: Ball 1-0: DOUBLE (Line Drive, 89D, EV 111.9 MPH)
|
Batting: RHB Gebre-Giorgios Wangondu
|
0-0: Ball 1-0: Ball 2-0: Called Strike 2-1: Foul Ball, location: 2F 2-2: Foul Ball, location: 2F 2-2: Strikes out looking
|
Batting: RHB Tetsuro Sato
|
0-0: Called Strike 0-1: Swinging Strike 0-2: Strikes out swinging
|
Bottom of the 2nd over - 2 runs, 3 hits, 0 errors, 1 left on base; Brooklyn 1 - Rome 2 |
TOP OF THE 3RD |
Brooklyn Cyclones batting - Pitching for Rome Braves : LHP Gonnohyoe Hata
|
Batting: RHB Jake Geib
|
0-0: Foul Ball, location: 2F 0-1: Swinging Strike 0-2: Fly out, F8 (Flyball, 8RD, EV 83.1 MPH)
|
Batting: LHB Miguel Ramos
|
0-0: Ground out U3 (Groundball, 34, EV 83.8 MPH)
|
Batting: RHB Victor Reyes
|
0-0: Ball 1-0: Swinging Strike 1-1: Swinging Strike 1-2: Ball 2-2: Foul Ball, location: 2F 2-2: Ball 3-2: Base on Balls
|
Batting: RHB Frank Shaw
|
0-0: Ball 1-0: Ball 2-0: Ball 3-0: Base on Balls Victor Reyes to second
|
Batting: SHB Ryan Brown
|
0-0: Called Strike 0-1: Ball 1-1: Swinging Strike 1-2: Ball Wild Pitch! Victor Reyes to third Frank Shaw to second 2-2: Strikes out looking
|
Top of the 3rd over - 0 runs, 0 hits, 0 errors, 2 left on base; Brooklyn 1 - Rome 2 |
BOTTOM OF THE 3RD |
Rome Braves batting - Pitching for Brooklyn Cyclones : RHP Jonathan Colyer
|
Batting: RHB Rafael Reyes
|
0-0: Ground out 4-3 (Groundball, 4, EV 85.6 MPH)
|
Batting: RHB Tony Cabrera
|
0-0: Ball 1-0: Ball 2-0: Swinging Strike 2-1: Ball 3-1: Foul Ball, location: 2F 3-2: Strikes out swinging
|
Batting: LHB Ricardo Sandoval
|
0-0: Ball 1-0: Ball 2-0: Called Strike 2-1: Foul Ball, location: 2F 2-2: Foul Ball, location: 2F 2-2: DOUBLE (Line Drive, 8LXD, EV 103.1 MPH)
|
Batting: LHB Tamaichi Sasada
|
0-0: Ball 1-0: Swinging Strike 1-1: Ball 2-1: Ball Ricardo Sandoval steals 3rd base 3-1: Swinging Strike 3-2: Foul Ball, location: 2F 3-2: Strikes out swinging
|
Bottom of the 3rd over - 0 runs, 1 hit, 0 errors, 1 left on base; Brooklyn 1 - Rome 2 |
TOP OF THE 4TH |
Brooklyn Cyclones batting - Pitching for Rome Braves : LHP Gonnohyoe Hata
|
Batting: SHB Duri Chilemba
|
0-0: Swinging Strike 0-1: Foul Ball, location: 2F 0-2: Strikes out looking
|
Batting: RHB Roberto Delgado
|
0-0: Ball 1-0: Foul Ball, location: 2F 1-1: Called Strike 1-2: Foul Ball, location: 2F 1-2: Ball 2-2: Ball 3-2: Foul Ball, location: 2F 3-2: Foul Ball, location: 2F 3-2: Foul Ball, location: 2F 3-2: Strikes out looking
|
Batting: LHB Elmo Dreier
|
0-0: Swinging Strike 0-1: Called Strike 0-2: Fly out, F8 (Line Drive, 8RM, EV 86.9 MPH)
|
Top of the 4th over - 0 runs, 0 hits, 0 errors, 0 left on base; Brooklyn 1 - Rome 2 |
BOTTOM OF THE 4TH |
Rome Braves batting - Pitching for Brooklyn Cyclones : RHP Jonathan Colyer
|
Batting: RHB Chris Trites
|
0-0: Ball 1-0: DOUBLE (Line Drive, 8LXD, EV 108.8 MPH)
|
Batting: RHB Costantino Dolfini
|
0-0: Fly out, F7 (Flyball, 7D, EV 101.9 MPH)
|
Batting: LHB Jason Herr
|
0-0: Ball 1-0: Ground out 2-3 (Groundball, 15S, EV 74.4 MPH) Chris Trites to third
|
Batting: RHB Gebre-Giorgios Wangondu
|
0-0: Ball 1-0: Foul Ball, location: 2F 1-1: Foul Ball, location: 2F 1-2: Strikes out swinging
|
Bottom of the 4th over - 0 runs, 1 hit, 0 errors, 1 left on base; Brooklyn 1 - Rome 2 |
TOP OF THE 5TH |
Brooklyn Cyclones batting - Pitching for Rome Braves : LHP Gonnohyoe Hata
|
Batting: SHB Callum Lynch
|
0-0: Ball 1-0: Swinging Strike 1-1: Ground out 1-3 (Groundball, 13, EV 62.5 MPH)
|
Batting: RHB Jake Geib
|
0-0: Called Strike 0-1: Ball 1-1: Foul Ball, location: 2F 1-2: Foul Ball, location: 2F 1-2: Strikes out swinging
|
Batting: LHB Miguel Ramos
|
0-0: Foul Ball, location: 2F 0-1: Ball 1-1: Ball 2-1: Ball 3-1: Foul Ball, location: 2F 3-2: Base on Balls
|
Batting: RHB Victor Reyes
|
0-0: Called Strike 0-1: Swinging Strike 0-2: Ball 1-2: Strikes out swinging
|
Top of the 5th over - 0 runs, 0 hits, 0 errors, 1 left on base; Brooklyn 1 - Rome 2 |
BOTTOM OF THE 5TH |
Rome Braves batting - Pitching for Brooklyn Cyclones : RHP Jonathan Colyer
|
Batting: RHB Tetsuro Sato
|
0-0: Called Strike 0-1: Swinging Strike 0-2: Foul Ball, location: 2F 0-2: Foul Ball, location: 2F 0-2: Ball 1-2: Ball 2-2: Foul Ball, location: 2F 2-2: Ball 3-2: Foul Ball, location: 2F 3-2: Foul Ball, location: 2F 3-2: Foul Ball, location: 2F 3-2: SINGLE (Line Drive, 4D, EV 100.0 MPH)
|
Batting: RHB Rafael Reyes
|
0-0: Called Strike 0-1: Ball 1-1: Fly out, F8 (Flyball, 8RXD, EV 98.1 MPH)
|
Batting: RHB Tony Cabrera
|
0-0: Ball 1-0: Ball 2-0: Foul Ball, location: 2F 2-1: Called Strike 2-2: Strikes out swinging
|
Batting: LHB Ricardo Sandoval
|
0-0: Ball 1-0: Ball 2-0: Called Strike 2-1: Called Strike 2-2: Strikes out swinging
|
Bottom of the 5th over - 0 runs, 1 hit, 0 errors, 1 left on base; Brooklyn 1 - Rome 2 |
TOP OF THE 6TH |
Brooklyn Cyclones batting - Pitching for Rome Braves : LHP Gonnohyoe Hata
|
Batting: RHB Frank Shaw
|
0-0: Called Strike 0-1: Called Strike 0-2: Ball 1-2: Ball 2-2: Ball 3-2: Base on Balls
|
Pitching: RHP Wami Benthami
|
|
Batting: SHB Ryan Brown
|
0-0: Foul Ball, location: 2F 0-1: Foul Ball, location: 2F 0-2: Strikes out swinging
|
Pinch Hitting: LHB Brian Levensailor
|
0-0: Ball 1-0: Ball 2-0: Foul Ball, location: 2F 2-1: Foul Ball, location: 2F 2-2: Strikes out swinging
|
Batting: SHB Salvador Gomez
|
0-0: Ball 1-0: Ball 2-0: Swinging Strike 2-1: Ball 3-1: Foul Ball, location: 2F 3-2: Ground out 6-3 (Groundball, 6, EV 78.1 MPH)
|
Top of the 6th over - 0 runs, 0 hits, 0 errors, 1 left on base; Brooklyn 1 - Rome 2 |
BOTTOM OF THE 6TH |
Rome Braves batting - Pitching for Brooklyn Cyclones : RHP Jonathan Colyer
|
Now at 3B: Jack Nickleberry
|
|
Batting: LHB Tamaichi Sasada
|
0-0: Ball 1-0: Foul Ball, location: 2F 1-1: Ball 2-1: Ball 3-1: Swinging Strike 3-2: Foul Ball, location: 2F 3-2: Foul Ball, location: 2F 3-2: Fly out, F9 (Line Drive, 89M, EV 92.5 MPH)
|
Batting: RHB Chris Trites
|
0-0: Ball 1-0: SINGLE (Groundball, 6MD, EV 103.8 MPH)
|
Pitching: LHP Matt Allert
|
|
Batting: RHB Costantino Dolfini
|
0-0: Ball Chris Trites is caught stealing 2nd base 2-4 1-0: Ball 2-0: Foul Ball, location: 2F 2-1: Foul Ball, location: 2F 2-2: Ball 3-2: Foul Ball, location: 2F 3-2: Foul Ball, location: 2F 3-2: Ground out 6-3 (Groundball, 6, EV 105.6 MPH)
|
Bottom of the 6th over - 0 runs, 1 hit, 0 errors, 0 left on base; Brooklyn 1 - Rome 2 |
TOP OF THE 7TH |
Brooklyn Cyclones batting - Pitching for Rome Braves : RHP Wami Benthami
|
Batting: LHB Elmo Dreier
|
0-0: Ball 1-0: Foul Ball, location: 2F 1-1: SINGLE (Groundball, 4MD, EV 110.0 MPH)
|
Batting: SHB Callum Lynch
|
0-0: Called Strike Elmo Dreier steals 2nd base 0-1: Ground out 6-3 (Groundball, 6, EV 78.8 MPH) Elmo Dreier to third
|
Batting: RHB Jake Geib
|
0-0: SINGLE (Groundball, 6, EV 86.9 MPH) (infield hit) Elmo Dreier scores
|
Batting: LHB Miguel Ramos
|
0-0: Fly out, F9 (Flyball, 89M, EV 87.5 MPH)
|
Batting: RHB Victor Reyes
|
0-0: Ball Jake Geib is caught stealing 2nd base 2-4
|
Top of the 7th over - 1 run, 2 hits, 0 errors, 0 left on base; Brooklyn 2 - Rome 2 |
BOTTOM OF THE 7TH |
Rome Braves batting - Pitching for Brooklyn Cyclones : LHP Matt Allert
|
Batting: LHB Jason Herr
|
0-0: Foul Ball, location: 2F 0-1: Ground out 6-3 (Groundball, 56, EV 90.0 MPH)
|
Batting: RHB Gebre-Giorgios Wangondu
|
0-0: Called Strike 0-1: Ball 1-1: Ground out 1-3 (Groundball, 13, EV 67.5 MPH)
|
Batting: RHB Tetsuro Sato
|
0-0: Swinging Strike 0-1: SINGLE (Line Drive, 4MD, EV 95.0 MPH)
|
Batting: RHB Rafael Reyes
|
0-0: Ball Passed Ball! Tetsuro Sato to second 1-0: Intentional Walk
|
Pinch Runner at 2nd Dave Pizarro:
|
|
Batting: RHB Tony Cabrera
|
0-0: Ball 1-0: Fly out, F8 (Flyball, 8RS, EV 92.5 MPH)
|
Bottom of the 7th over - 0 runs, 1 hit, 0 errors, 2 left on base; Brooklyn 2 - Rome 2 |
TOP OF THE 8TH |
Brooklyn Cyclones batting - Pitching for Rome Braves : RHP Wami Benthami
|
Batting: RHB Victor Reyes
|
0-0: Called Strike 0-1: Ball 1-1: Swinging Strike 1-2: Ball 2-2: Strikes out swinging
|
Batting: RHB Frank Shaw
|
0-0: Foul Ball, location: 2F 0-1: Swinging Strike 0-2: Ball 1-2: Foul Ball, location: 2F 1-2: Ball 2-2: Ball 3-2: Ground out 6-3 (Groundball, 6, EV 111.9 MPH)
|
Batting: SHB Ryan Brown
|
0-0: Ball 1-0: Swinging Strike 1-1: Foul Ball, location: 2F 1-2: Foul Ball, location: 2F 1-2: Foul Ball, location: 2F 1-2: Foul Ball, location: 2F 1-2: Ball 2-2: Strikes out swinging
|
Top of the 8th over - 0 runs, 0 hits, 0 errors, 0 left on base; Brooklyn 2 - Rome 2 |
BOTTOM OF THE 8TH |
Rome Braves batting - Pitching for Brooklyn Cyclones : LHP Matt Allert
|
Batting: LHB Ricardo Sandoval
|
0-0: Called Strike 0-1: Ball 1-1: Ball 2-1: Ball 3-1: SINGLE (Groundball, 34S, EV 71.9 MPH) (infield hit)
|
Batting: LHB Tamaichi Sasada
|
0-0: Called Strike 0-1: Called Strike Ricardo Sandoval steals 2nd base 0-2: SINGLE (Groundball, 4MD, EV 105.6 MPH) Ricardo Sandoval to third Runner from 3rd tries for Home, SAFE, throw by CF to home
|
Batting: RHB Chris Trites
|
0-0: Swinging Strike 0-1: SINGLE (Flyball, 8RS, EV 89.4 MPH) Tamaichi Sasada to second
|
Pinch Runner at 2nd Yutaka Yamane:
|
|
Batting: RHB Costantino Dolfini
|
0-0: Fielders Choice at 2nd, 6-4 (Groundball, 6M, EV 90.6 MPH) Yutaka Yamane to third
|
Batting: LHB Jason Herr
|
0-0: Called Strike Costantino Dolfini steals 2nd base 0-1: Ball 1-1: Ball 2-1: Swinging Strike 2-2: Foul Ball, location: 2F 2-2: Foul Ball, location: 2F 2-2: Ball 3-2: Foul Ball, location: 2F 3-2: Ground out 4-3 (Groundball, 4, EV 91.2 MPH)
|
Pitching: RHP Felipe Hinojosa
|
|
Batting: RHB Gebre-Giorgios Wangondu
|
0-0: Ball 1-0: Ball 2-0: Called Strike 2-1: Ball 3-1: Swinging Strike 3-2: Strikes out swinging
|
Bottom of the 8th over - 1 run, 3 hits, 0 errors, 2 left on base; Brooklyn 2 - Rome 3 |
TOP OF THE 9TH |
Brooklyn Cyclones batting - Pitching for Rome Braves : RHP Wami Benthami
|
Pitching: RHP Jimmy Loudner
|
|
Now at 1B: Manny Hensley
|
|
Pinch Hitting: RHB Jayden Copeland
|
0-0: Ground out 6-3 (Groundball, 6, EV 81.9 MPH)
|
Batting: SHB Salvador Gomez
|
0-0: Called Strike 0-1: SINGLE (Groundball, 6M, EV 80.6 MPH) (infield hit)
|
Batting: LHB Elmo Dreier
|
0-0: TRIPLE (Line Drive, 78XD, EV 104.4 MPH) Salvador Gomez scores
|
Batting: SHB Callum Lynch
|
0-0: Swinging Strike 0-1: Squeeze Bunt to 2L - play home, runner OUT, batter safe! 1-2
|
Batting: RHB Jake Geib
|
0-0: Ball Callum Lynch steals 2nd base 1-0: Foul Ball, location: 2F 1-1: Ball 2-1: Foul Ball, location: 2F 2-2: Ball 3-2: Ground out 5-3 (Groundball, 56S, EV 94.4 MPH)
|
Top of the 9th over - 1 run, 2 hits, 0 errors, 1 left on base; Brooklyn 3 - Rome 3 |
BOTTOM OF THE 9TH |
Rome Braves batting - Pitching for Brooklyn Cyclones : RHP Felipe Hinojosa
|
Now at 3B: Trent Hood
|
|
Batting: RHB Dave Pizarro
|
0-0: Foul Ball, location: 2F 0-1: Called Strike 0-2: Foul Ball, location: 2F 0-2: Strikes out looking
|
Batting: RHB Rafael Reyes
|
0-0: Ball 1-0: Called Strike 1-1: Foul Ball, location: 2F 1-2: Ground out 6-3 (Groundball, 6, EV 93.1 MPH)
|
Batting: RHB Tony Cabrera
|
0-0: Ball 1-0: Called Strike 1-1: Foul Ball, location: 2F 1-2: Strikes out swinging, 2-3 out at first.
|
Bottom of the 9th over - 0 runs, 0 hits, 0 errors, 0 left on base; Brooklyn 3 - Rome 3 |
TOP OF THE 10TH |
Brooklyn Cyclones batting - Pitching for Rome Braves : RHP Jimmy Loudner
|
Batting: LHB Miguel Ramos
|
0-0: Foul Ball, location: 2F 0-1: Swinging Strike 0-2: Ball 1-2: Ball 2-2: Ball 3-2: SINGLE (Line Drive, 8RS, EV 106.9 MPH)
|
Batting: RHB Victor Reyes
|
0-0: Called Strike 0-1: Swinging Strike 0-2: Ball 1-2: Ball 2-2: Ball 3-2: DOUBLE (Groundball, 5L, EV 106.9 MPH) Miguel Ramos to third Runner from 3rd tries for Home, SAFE, throw by LF to home
|
Batting: RHB Frank Shaw
|
0-0: Intentional Walk
|
Batting: SHB Ryan Brown
|
0-0: Called Strike 0-1: Ball Wild Pitch! Victor Reyes to third Frank Shaw to second 1-1: Swinging Strike 1-2: Foul Ball, location: 2F 1-2: Strikes out swinging
|
Pitching: LHP Tyler Portier
|
|
Batting: RHB Trent Hood
|
0-0: Ball 1-0: Foul Ball, location: 2F 1-1: Ball Wild Pitch! Victor Reyes scores Frank Shaw to third 2-1: Foul Ball, location: 2F 2-2: Ground out 4-3 (Groundball, 4, EV 93.1 MPH) Frank Shaw scores
|
Batting: SHB Salvador Gomez
|
0-0: Called Strike 0-1: Ball 1-1: Called Strike 1-2: Ground out U3 (Groundball, 34, EV 102.5 MPH)
|
Top of the 10th over - 3 runs, 2 hits, 0 errors, 0 left on base; Brooklyn 6 - Rome 3 |
BOTTOM OF THE 10TH |
Rome Braves batting - Pitching for Brooklyn Cyclones : RHP Felipe Hinojosa
|
Pitching: RHP Leo Burgos
|
|
Batting: LHB Ricardo Sandoval
|
0-0: Ball 1-0: Ball 2-0: Called Strike 2-1: Foul Ball, location: 2F 2-2: Ball 3-2: Ground out 4-3 (Groundball, 4, EV 107.5 MPH)
|
Batting: RHB Manny Hensley
|
0-0: Ball 1-0: Ball 2-0: Called Strike 2-1: Ground out 6-3 (Groundball, 6, EV 78.1 MPH)
|
Batting: RHB Chris Trites
|
0-0: Ball 1-0: Called Strike 1-1: SINGLE (Groundball, 6D, EV 106.2 MPH)
|
Batting: RHB Costantino Dolfini
|
0-0: Ball 1-0: Ball 2-0: Called Strike 2-1: Ball 3-1: Base on Balls Chris Trites to second
|
Batting: LHB Jason Herr
|
0-0: Fielders Choice at 2nd, U6 (Groundball, 6M, EV 97.5 MPH)
|
Bottom of the 10th over - 0 runs, 1 hit, 0 errors, 2 left on base; Brooklyn 6 - Rome 3 |
|